Merlek, neutral female human Valkyrie }}}}}}}}}}}}}}}}}}}}}}}}}}}}}}}}}}}}}}}}}}}}}}}}}} }}}}}}}}}}}}}}}}}}}}}}}}}}}}}}}}}}}}}}}}}};}}} }}}}}}}}}.}}}}}}.....}}}}}}}}}}}}}}}}}}}}}} }}}}}}}....}}}}}....}}}}}}}}}}}}}}}}}}} }...}}}}}}}}}}}...!}}}..}}}}}}}}}}}} T })..}}}}}}}}}}....}}}}.`}}}}}}}} }...}}}}}}}}}}}}}}}}}}}}}}}}}}- }..!}}}}}}}}}}}}}}}}}}}`}}}}}.| S }....}}}}}...}}}}}}}}}}}}}}...--------+---- }.....}}}}}.}}}}}}}}}}}}}}}%......|``T...`| }....}}}}}}}}}}}}}}}}}}}}}}...(...|.@%....| }....}}}}}}}}}}}}}}}}}}}}}}..%--------|---- } }....^}}}}}}}}}}}}}}}}}}}}}}`.-....%(... }}}}}}}}}}}} }...%.%}}}}}}}}}}}}}}}}}}}}}}}----------------- }}}}}}}}}}}}}...}}}}}}} }....<..}}}}}}}...}}}}}}}}}}}}}}}}}`...u..}}}}}}}}}}..}}}}}}}}}......}}}}}} }.....}}}}}}}}}}.....}}}}}}}}}}}}}}}}}}}}}}}}}}}}}}(..[.}}}}}}..}}}.` }}..[}}}}}}}}}}}}....}}}}}}}}}}}}}}}}}}}}}}}n}}}}}}}..}}}}}}}}}}}}}}}}}}}}} }}}}}}}}}}}}}}}}}....}}}}}}}}}}}}}}}}}}}}}}}..}}..}}}}}}}}}}}}}}}}}}}}}}}}} }}}}}}}}}}}}}}}}}}}}}}}}}}}}}}}}}};}}}}}}}}}}}}}}}}}}}}}}}}}}}}}}}}}}}}}}}} }}}}}}}}}}}}}}}}}}}}}}}}}}}}}}}}}}}}}}}}}}}}}}}}}}}}}}}}}}}}}}}}}}}}}}}}}}} Merlek the Woman-at-arms Experience level: 12 Strength: 18/05 Dexterity: 15 Constitution: 18 Intelligence: 9 Wisdom: 10 Charisma: 8 Health: 0(99) Energy: 33(33) Def: 15 Gold: 451 Moves: 16311 Dungeon seed: oA-9m62t8kvaNCgb Game ID: Merlek_1624268154 Your Inventory: Coins $ - 451 gold pieces Weapons a - the uncursed rustproof +4 Mjollnir (weapon in hand) Armor e - an uncursed greased burnt +2 small shield (being worn) n - an uncursed +0 shield of reflection q - an uncursed +0 elven mithril-coat (being worn) v - an uncursed greased +0 pair of speed boots (being worn) N - an uncursed greased very burnt +0 elven leather helm (being worn) Y - an uncursed greased +0 cloak of magic resistance (being worn) Scrolls y - an uncursed scroll of destroy armor z - a blessed scroll of create monster Potions l - an uncursed potion of object detection o - an uncursed potion of gain level s - an uncursed potion of extra healing Wands d - an uncursed wand of magic missile (0:1) g - an uncursed wand of digging named prat 11543 (0:6) i - an uncursed wand of enlightenment (0:13) j - an uncursed wand of digging (0:6) m - an uncursed wand of sleep (0:7) p - a blessed wand of make invisible (0:5) t - an uncursed wand of create monster (0:12) u - an uncursed wand of light (0:15) w - an uncursed wand of teleportation (0:7) B - an uncursed wand of light (0:10) C - an uncursed wand of cold (0:3) F - an uncursed wand of fire (0:3) L - an uncursed wand of digging (0:8) O - an uncursed wand of digging (0:5) S - an uncursed wand of sleep (0:5) V - an uncursed wand of magic missile (0:5) W - an uncursed wand of opening (0:3) Tools b - an uncursed magic marker (0:18) f - an uncursed can of grease (0:4) k - an uncursed skeleton key named cold poison sleep tele x - an uncursed +0 pick-axe A - an uncursed partly used tallow candle (0:25) I - a blessed sack X - an uncursed blindfold named prot 2 Z - the blessed Platinum Yendorian Express Card Gems r - an uncursed garnet Q - a blessed luckstone Contents of the sack: an uncursed +0 oilskin cloak 2 uncursed cloves of garlic an uncursed fortune cookie a [uncursed] lembas wafer 2 uncursed lizard corpses a [uncursed] tin of spinach an uncursed tripe ration 4 blessed scrolls of blank paper a [uncursed] scroll of blank paper 3 uncursed scrolls of charging an uncursed scroll of consecration 2 uncursed scrolls of create monster a [cursed] scroll of create monster 3 uncursed scrolls of earth a cursed scroll of earth a blessed scroll of enchant armor an uncursed scroll of fire an uncursed scroll of gold detection a [cursed] scroll of gold detection a cursed scroll of identify an uncursed scroll of light an uncursed scroll of punishment 5 uncursed scrolls of scare monster an uncursed scroll of stinking cloud a blessed scroll of teleportation 6 uncursed scrolls of teleportation an uncursed scroll of water 4 potions of holy water a [uncursed] potion of paralysis an uncursed ring of conflict an uncursed ring of fire resistance an uncursed ring of polymorph control a cursed [-1] ring of protection an uncursed ring of protection from shape changers an uncursed ring of searching an uncursed ring of teleport control a cursed ring of teleportation Spells and supernatural/magical abilities: Name Level Category Fail Memory E - detect food 2 divination 100% 75% W - pray for help -- divine ? -- Your skills at the end: Miscellaneous Skills shield [Expert] wands [Basic] stealth [Basic] Weapon Skills dagger [Basic] hammer [Expert] spear [Basic] Spellcasting Skills Final Attributes: You were devoutly aligned. You were cold resistant. You were sleep resistant. You were poison resistant. You were magic-protected. Your writing hand was ok. You were telepathic. You were somewhat stealthy. You could fly. You were protected. You were very fast. You were lucky. You had extra luck. Good luck did not time out for you. You are dead. Vanquished creatures: Medusa 2 titanotheres a trapper a baby blue dragon a baby green dragon a vampire lord 3 water trolls a lurker above 3 golden nagas a vampire 2 ghosts 2 winged gargoyles 2 mind flayers 3 giant mimics an ogre king an Elvenking an umber hulk 2 flesh golems a large mimic a couatl 2 stalkers a fire elemental 2 black nagas an elf-lord a xorn a giant zombie 4 wargs 3 quantum mechanics 2 small mimics an island nymph 2 glass piercers 7 xans 3 ogre lords 6 trolls 3 freezing spheres a flaming sphere 4 shocking spheres a tiger a gargoyle a dwarf king 5 tengu an ochre jelly 2 crocodiles a chameleon an energy vortex a mountain centaur 6 giants 2 elf mummies a human mummy a red naga 4 Grey-elves 3 pythons a cobra an ettin zombie a leather golem 2 incubi a giant beetle a cockatrice 6 wolves a winter wolf cub a black light a lynx 2 panthers a gremlin 5 leprechauns a quivering blob 8 lizards a mountain nymph 2 orc-captains a mumak 2 giant spiders 2 scorpions 3 iron piercers a horse 2 ice vortices 2 vampire bats 3 forest centaurs 3 gnome kings an orc mummy a Green-elf a rust monster a yeti a gold golem 5 werewolves 3 piranhas 4 giant eels 2 chickatrices a housecat 3 jaguars 2 dwarf lords 4 water nymphs a white unicorn a black unicorn 4 dust vortices 4 ravens 3 plains centaurs 2 gnome mummies 2 Woodland-elves 3 snakes an ape 2 rope golems a soldier ant 4 fire ants 3 yellow lights 8 bugbears an imp 4 wood nymphs 6 Mordor orcs 14 Uruk-hai 4 orc shamans 4 rock moles 3 rock piercers a pony a fog cloud a shrieker 2 violet fungi 18 gnome lords 6 gnomish wizards a kobold mummy 2 red naga hatchlings a golden naga hatchling 2 gray oozes a barrow wight 9 elf zombies a ghoul a straw golem 4 paper golems a jellyfish 4 floating eyes 2 kittens 22 dwarves 7 homunculi a kobold lord 2 kobold shamans 4 iguanas a hill orc 8 rothes a rabid rat a centipede 3 jitterbugs 6 giant bats 7 orc zombies 3 werejackals 3 coyotes 2 gas spores 8 hobbits 4 large kobolds 9 geckos 9 hobgoblins 5 giant rats 8 cave spiders 4 brown molds a yellow mold 3 green molds a red mold 66 gnomes 11 garter snakes a gnome zombie 6 jackals 2 foxes 8 kobolds 16 newts 7 goblins 9 sewer rats 12 grid bugs a bat 12 lichens 4 kobold zombies 601 creatures vanquished. Genocided species: giant ants killer bees soldier ants fire ants giant beetles queen bees hobbits dwarves bugbears dwarf lords dwarf kings quantum mechanics mind flayers master mind flayers 14 species genocided. Voluntary challenges: You had followed a strict vegan diet until turn 4705. You had followed a strict vegetarian diet until turn 4705. You did not cause conflict. You did not have reflection. You were not displaced. You used a wielded weapon 823 times, starting on turn 106. You did not use sinks. You read items or engraved 22 times, starting on turn 4482. You genocided 14 types of monsters, starting on turn 4569. You never polymorphed an object. You changed form 1 time, starting on turn 5332. You cheated 1 time but completed Sokoban on turn 9138. You used 1 wish, starting on turn 10867. You wished for your your first artifact on turn 10867. You never split a pudding. You wrote Elbereth's name 1 time, starting on turn 7987. You violated your moral code, losing 1 point of alignment, starting on turn 4268. Dungeon overview: The Dungeons of Doom: levels 1 to 22 Level 1 a long staircase Level 2 an altar to Loki Level 3 a general store, some fountains stairs to The Gnomish Mines Level 4 some fountains Level 5 some fountains Level 6 (vault) stairs to Sokoban Level 7 (wrapping) an altar to Odin Level 8 Level 9 (chest potionds) Level 10 Level 11 some fountains Level 12 a fountain, a sink Level 13 a fountain Level 14 (vault) Level 15 some fountains Level 16 (4k) Level 17 some fountains Level 18 Level 19 (vault) a fountain Level 20 (vault) an altar to Odin, a fountain Level 21 (Cleaver) a fountain Level 22 <- You were here The Gnomish Mines: levels 4 to 11 Level 4 (potions) stairs to The Dungeons of Doom Level 5 (fire ants by stairs!!) Level 6 (some stuff in temple, 300ring in shop) many shops, a temple to Tyr, a magic chest, some fountains Level 7 Level 8 Level 9 Level 10 Level 11 a magic chest, a fountain Sokoban: levels 2 to 5 Level 2 a magic chest Level 3 Level 4 Level 5 a magic chest stairs to The Dungeons of Doom History has recorded: On T:1 you entered the Dungeons of Doom to retrieve the Amulet of Yendor! On T:15 you reached level 2 of The Dungeons of Doom. On T:313 you reached level 3 of The Dungeons of Doom. On T:658 you reached level 1 of The Gnomish Mines. On T:702 you advanced to experience level 2. On T:826 you reached level 4 of The Dungeons of Doom. On T:929 you advanced to experience level 3. On T:939 you reached level 5 of The Dungeons of Doom. On T:1720 you advanced to experience level 4. On T:1807 you reached level 6 of The Dungeons of Doom. On T:2625 you advanced to experience level 5. On T:2898 you reached level 2 of The Gnomish Mines. On T:2939 you advanced to experience level 6. On T:3208 you reached level 3 of The Gnomish Mines. On T:3503 you reached level 4 of Sokoban. On T:3730 you reached level 7 of The Dungeons of Doom. On T:4055 you advanced to experience level 7. On T:4297 you received Mjollnir from Odin. On T:4843 you entered the Minetown temple On T:5278 you reached level 4 of The Gnomish Mines. On T:5292 you reached level 5 of The Gnomish Mines. On T:5587 you advanced to experience level 8. On T:5671 you reached level 6 of The Gnomish Mines. On T:6054 you reached level 7 of The Gnomish Mines. On T:6148 you reached level 8 of The Gnomish Mines. On T:6148 you reached the bottom of the Mines. On T:6623 you advanced to experience level 9. On T:6885 you opened a magic chest. On T:7129 you reached level 8 of The Dungeons of Doom. On T:7248 you reached level 9 of The Dungeons of Doom. On T:7402 you reached level 10 of The Dungeons of Doom. On T:7543 you reached level 11 of The Dungeons of Doom. On T:7686 you reached level 12 of The Dungeons of Doom. On T:7943 you prayed to Odin. On T:8265 you reached level 3 of Sokoban. On T:8571 you reached level 2 of Sokoban. On T:8794 you reached level 1 of Sokoban. On T:9138 you entered the Sokoban zoo. On T:9514 you reached level 13 of The Dungeons of Doom. On T:9779 you reached level 14 of The Dungeons of Doom. On T:9781 you advanced to experience level 10. On T:10701 you prayed to Odin. On T:10867 you wished for "The Platinum Yendorian Express Card". On T:10881 you reached level 15 of The Dungeons of Doom. On T:10911 you reached level 16 of The Dungeons of Doom. On T:11524 you prayed to Odin. On T:13085 you reached level 17 of The Dungeons of Doom. On T:13665 you advanced to experience level 11. On T:13676 you reached level 18 of The Dungeons of Doom. On T:13676 you entered the Rogue tribute level. On T:14196 you reached level 19 of The Dungeons of Doom. On T:15948 you reached level 21 of The Dungeons of Doom. On T:15972 you reached level 22 of The Dungeons of Doom. On T:16067 you advanced to experience level 12. On T:16292 you killed Medusa on level 22 of The Dungeons of Doom. On T:16308 you prayed to Odin. Score breakdown: Gold: 451 ( 45 points) Experience: 12 levels ( 1100 points) Exploration: 22 levels ( 630 points) Discoveries: 61 items ( 2000 points) Variety of kills: 168 monsters ( 2000 points) Major goal: Sokoban/Mines ( 1500 points) Survival: died (score multiplied by 3) Total score: 21825 Latest messages: You are now wielding your Mjollnir. The water troll thrusts his unicorn horn at you. The water troll jabs you! The water troll claws you! The water troll bites! You begin praying to Odin. You are surrounded by a shimmering light. The water troll starts to attack you, but pulls back. (3x) You feel that Odin is well-pleased. You feel more balanced. You are surrounded by a light blue aura. Your potion called bubble 15/20 nymph softly glows amber. Your polished silver shield softly glows amber. The massive hammer hits! Lightning strikes the water troll! The water troll thrusts his unicorn horn at you. The water troll jabs you! The water troll claws you! The water troll bites! You die... Final status: Farvel Merlek the Valkyrie, killed by a water troll... You died in The Dungeons of Doom on dungeon level 22 with 21825 points, and 451 pieces of gold, after 16311 moves. You were level 12 with a maximum of 99 hit points when you died.